 Dungeon Crawl Stone Soup version 0.28-a0-1227-ga9037bb4c8 (webtiles) character file.

Game seed: 15682051106563795077

142 emnemthenerd the Poker (level 5, -3/47 HPs)
             Began as a Minotaur Berserker on Dec 22, 2021.
             Was a Priest of Trog.
             Killed from afar by a hobgoblin (19 damage)
             ... with a bolt of acid
             ... on level 3 of the Dungeon.
             The game lasted 00:07:01 (3094 turns).

emnemthenerd the Poker (Minotaur Berserker)         Turns: 3094, Time: 00:07:01

Health: -3/47      AC: -1    Str: 27    XL:     5   Next: 4%
Magic:  4/4        EV: 12    Int:  4    God:    Trog [***...]
Gold:   117        SH:  0    Dex: 12    Spells: 4/4 levels left

rFire   + . .      SeeInvis .   a - +0 spear
rCold   . . .      Faith    .   (no shield)
rNeg    . . .      Spirit   .   i - +1 robe {rF+}
rPois   .          Reflect  .   (helmet restricted)
rElec   .          Harm     .   (no cloak)
rCorr   .          Rampage  .   n - +2 pair of gloves
Will    .....                   (no boots)
Stlth   +.........              (no amulet)
HPRegen 0.15/turn               g - +6 ring of strength
MPRegen 0.09/turn               (no ring)

@: corroded
A: horns 2, retaliatory headbutt
a: Renounce Religion, Berserk, Trog's Hand


You were on level 3 of the Dungeon.
You worshipped Trog.
Trog was most pleased with you.
You visited 1 branch of the dungeon, and saw 3 of its levels.

You collected 117 gold pieces.

Inventory:

Hand Weapons
 a - a +0 spear (weapon)
Armour
 b - a +0 animal skin
 e - a +0 scale mail
 i - a +1 robe of fire resistance (worn)
 n - a +2 pair of gloves (worn)
Jewellery
 g - a +6 ring of strength (left hand)
Scrolls
 f - a scroll of torment {unknown}
 h - a scroll of teleportation {unknown}
 j - 2 scrolls of vulnerability
 k - a scroll of acquirement {unknown}
Potions
 c - a potion of might
 d - 2 potions of berserk rage {unknown}
 l - a potion of magic {unknown}
 m - 3 potions of haste


   Skills:
 + Level 4.7 Fighting
 + Level 5.1 Polearms
 + Level 3.7 Armour
 + Level 2.8 Dodging


You had 4 spell levels left.
You didn't know any spells.
Your spell library contained the following spells:

 Spells                   Type           Power      Damage    Failure   Level
 Sandblast                Erth           0%         2d4       50%         1
 Passwall                 Tmut/Erth      0%         N/A       65%         2
 Stone Arrow              Conj/Erth      0%         3d7       86%         3


Dungeon Overview and Level Annotations

Branches:
Dungeon (3/15)

Altars:


Innate Abilities, Weirdness & Mutations

You have a pair of horns on your head.
You reflexively headbutt those who attack you in melee.


Message History

You see here 17 arrows.
Found a stone staircase leading up.
No target in view!
No target in view!
No target in view!
There is a stone staircase leading up here.
A giant cockroach comes into view.
A hobgoblin comes into view. It is carrying a wand of acid (13).
The hobgoblin shouts!
There is an open door here.
The hobgoblin zaps a wand.
The bolt of acid hits you! The acid corrodes you!
You hit the giant cockroach but do no damage.
You headbutt the giant cockroach.
The giant cockroach is severely wounded.
The giant cockroach closely misses you. You furiously retaliate!
You headbutt the giant cockroach.
You kill the giant cockroach!
Trog accepts your kill.
You reach to attack!
You hit the hobgoblin but do no damage.
You reach to attack!
You hit the hobgoblin but do no damage. You closely miss the hobgoblin.
Your headbutt misses the hobgoblin.
The hobgoblin zaps a wand.
The bolt of acid hits you!! The acid corrodes you!
You are too injured to fight recklessly!
You are too injured to fight recklessly!
Unknown command.
You are too injured to fight recklessly!
You are too injured to fight recklessly!
You barely miss the hobgoblin.
You headbutt the hobgoblin, but do no damage.
The hobgoblin zaps a wand.
The bolt of acid misses you.
You hit the hobgoblin.
The hobgoblin is heavily wounded.
The hobgoblin hits you.
You hit the hobgoblin but do no damage.
The hobgoblin is heavily wounded.
The hobgoblin hits you.
You hit the hobgoblin but do no damage. Your headbutt misses the hobgoblin.
The hobgoblin is heavily wounded.
The hobgoblin zaps a wand.
The bolt of acid hits you!!
You die...

#######.## .........##
#####.....########
#............#
#...########.# ###.# #.#
#.# #.# ##'## #.# #.@.#
#.# #..g..# #.##
#.......# #..##
#.........####...#####
.'.........+...........
###.........####...#####
##...............#
##.....#.#####..# .#.#


You could see a hobgoblin.

Vanquished Creatures
  4 adders (D:2)
  3 worms
  2 dart slugs
  7 ball pythons
  7 endoplasms
  12 giant cockroaches
  9 goblins
  8 hobgoblins
  3 jackals (D:1)
  8 quokkas
  7 bats
  6 frilled lizards
  3 kobolds
  7 rats
86 creatures vanquished.

Notes
Turn   | Place    | Note
-------+----------+-------------------------------------------
     0 | D:1      | emnemthenerd the Minotaur Berserker began the quest for the
                  | Orb.
     0 | D:1      | Reached XP level 1. HP: 19/19 MP: 0/0
   224 | D:1      | Reached XP level 2. HP: 27/27 MP: 1/1
   233 | D:1      | Reached skill level 4 in Polearms
   476 | D:1      | Reached ** piety under Trog
   778 | D:1      | Reached XP level 3. HP: 31/34 MP: 2/2
  1032 | D:1      | Found a faded altar of an unknown god.
  1585 | D:2      | Reached XP level 4. HP: 41/41 MP: 3/3
  2429 | D:3      | Reached *** piety under Trog
  2623 | D:3      | Reached skill level 5 in Polearms
  2736 | D:3      | Reached XP level 5. HP: 41/47 MP: 4/4
  3094 | D:3      | Killed from afar by a hobgoblin

Illustrated notes

Levels and vault maps discovered:
D:1:      minmay_arrival_nine_rooms, layout_basic, basic_ecumenical_altar
D:2:      minmay_roachtagon, layout_loops_corners, minmay_distorted
D:3:      layout_loops_corners, hangedman_decor_clover_reticule,
          minmay_fractal_squares_diagonal_5

Skill      XL: |  1  2  3  4 |
---------------+-------------+-----
Fighting       | 4 |  4.7
Polearms       | 4 5 |  5.1
Armour         | 3 |  3.7
Dodging        | |  2.8

Action                   |  1- 3 |  4- 6 || total
-------------------------+-------+-------++-------
Melee: Spear             |   126 |    92 ||   218
       Headbutt          |    16 |    16 ||    32
  Use: Scroll            |       |     4 ||     4
 Stab: Sleeping          |       |     1 ||     1
Armor: Scale mail        |    23 |     9 ||    32
       Robe              |       |     4 ||     4
Dodge: Dodged            |    43 |    29 ||    72

Table legend: (Time is in decaauts)
 A = Elapsed time spent in this place.
 B = Non-inter-level travel time spent in this place.
 C = Inter-level travel time spent in this place.
 D = Time resting spent in this place.
 E = Time spent auto-exploring this place.
 F = Levels seen in this place.
 G = Mean time per level.
                   A        B        C        D        E       F      G
               +--------+--------+--------+--------+--------+-----+--------+
         Total |   3066 |   2863 |    203 |      0 |   2432 |   3 | 1022.0 |
       Dungeon |   3066 |   2863 |    203 |      0 |   2432 |   3 | 1022.0 |
               +--------+--------+--------+--------+--------+-----+--------+

Top non-repeatable levels by time:
     D:2: 1273 daAuts
     D:1: 1131 daAuts
     D:3: 661 daAuts
